 Dungeon Crawl Stone Soup version 0.30.1-1-g62c8e00024 (webtiles) character file.

Game seed: 14928881212430507343

115 Pepete the Magician (level 4, 0/30 HPs)
             Began as a Demonspawn Fire Elementalist on July 15, 2023.
             Shot with an arrow by a centaur (13 damage)
             ... on level 3 of the Dungeon.
             The game lasted 00:05:14 (5099 turns).

Pepete the Magician (Demonspawn Fire Elementalist)  Turns: 5099, Time: 00:05:15

Health: 0/30       AC:  4    Str:  8    XL:     4   Next: 68%
Magic:  1/10       EV: 12    Int: 19    God:
Gold:   148        SH:  0    Dex: 13    Spells: 9/12 levels left

rFire   . . .        (no weapon)
rCold   . . .        (no shield)
rNeg    . . .        a - +0 robe
rPois   .            (no helmet)
rElec   .            i - +0 cloak
rCorr   .            f - +0 pair of gloves
SInv    .            (no boots)
Will    .....        (no amulet)
Stlth   ++           (no ring)
HPRegen 0.25/turn    (no ring)
MPRegen 0.12/turn

%: no passive effects
@: no status effects
A: powered by pain 1, demonic magic 1, weakness stinger 1
a: no special abilities


You were on level 3 of the Dungeon.
You visited 1 branch of the dungeon, and saw 3 of its levels.

You collected 148 gold pieces.

Inventory:

Armour
 a - a +0 robe (worn)
 f - a +0 pair of gloves (worn)
 i - a +0 cloak (worn)
Scrolls
 c - 3 scrolls of identify {unknown}
 d - 2 scrolls of vulnerability {unknown}
 g - 2 scrolls of fear {unknown}
 h - a scroll of butterflies {unknown}
 j - a scroll of amnesia {unknown}
 k - 3 scrolls of teleportation {unknown}
 l - a scroll of immolation {unknown}
Potions
 b - a potion of magic
 e - 3 potions of curing {unknown}


   Skills:
 - Level 1.7 Dodging
 - Level 1.7 Stealth
 * Level 4.6 Spellcasting
 - Level 1.0 Conjurations
 - Level 2.6 Fire Magic


You had 9 spell levels left.
You knew the following spells:

 Your Spells              Type           Power      Damage    Failure   Level
a - Foxfire               Conj/Fire      44%        2x1d6     6%          1
b - Scorch                Fire           28%        2d6       6%          2

Your spell library contained the following spells:

 Spells                   Type           Power      Damage    Failure   Level
 Poisonous Vapours        Pois/Air       8%         N/A       21%         2
 Inner Flame              Hex/Fire       9%         N/A       22%         3
 Volatile Blastmotes      Fire/Tloc      18%        2d11      22%         3
 Mephitic Cloud           Conj/Pois/Air  5%         N/A       34%         3
 Flame Wave               Conj/Fire      11%        2d6       52%         4
 Freezing Cloud           Conj/Ice/Air   2%         6-21      97%         5


Dungeon Overview and Level Annotations

Branches:
Dungeon (3/15)

Altars:

Shops:
D:2 =


Innate Abilities, Weirdness & Mutations

You sometimes gain a little power by taking damage.
Spells you cast may paralyse adjacent enemies.
You have a small tail.


Message History

Unknown command.
A hobgoblin is nearby!
Casting: Scorch (safe; 6% risk of failure)
Confirm with . or Enter, or press ? or * to list all spells.
You don't have enough magic to cast this spell.
Unknown command.
You conjure some foxfire!
Malevolent energies surge around you.
The foxfire hits the hobgoblin.
The hobgoblin is almost dead.
The foxfire hits the hobgoblin.
You kill the hobgoblin!
A kobold comes into view. It is wielding a +0 short sword.
Casting: Foxfire (safe; 6% risk of failure)
Confirm with . or Enter, or press ? or * to list all spells.
You don't know that spell.
The kobold shouts!
The kobold throws a stone.
The stone barely misses you.
The kobold throws a stone.
The stone misses you.
You see here 2 poisoned darts.
A centaur comes into view.
The centaur wields a +0 shortbow.
The centaur shoots an arrow.
The arrow closely misses you.
The kobold throws a stone.
The stone hits you.
The centaur shoots an arrow.
The arrow hits you!
The kobold throws a stone.
The stone barely misses you.
Casting: Foxfire (safe; 6% risk of failure)
Confirm with . or Enter, or press ? or * to list all spells.
Flames lash the kobold.
You kill the kobold!
Malevolent energies surge around you.
Unknown command.
The centaur shoots an arrow.
The arrow closely misses you.
The centaur shoots an arrow.
The arrow closely misses you.
A centaur is nearby!
A centaur is nearby!
A centaur is nearby!
Things that are here:
a +0 short sword; 8 stones The centaur shoots an arrow.
The arrow hits you.
The centaur shoots an arrow.
The arrow hits you!
You die...

?...### #.# #. .#.#..# #.# ##.
...†..## #.##### )... .#†##..####
#.....####.####
#....K#############......#
#.###...(....## ###†..###
#..#########..####.....###
.#.###....#######....#.......#
..[......†.c...)@............####
.#.######..###########...(##.....
##.# ###### .#### #.# . #.# # c..
... #...


You could see a centaur.

Vanquished Creatures
  An iguana (D:3)
  3 adders (D:3)
  A worm (D:2)
  4 ball pythons
  4 endoplasms
  4 giant cockroaches
  4 hobgoblins
  5 jackals (D:1)
  3 quokkas
  2 bats
  5 frilled lizards
  7 goblins
  6 kobolds
  7 rats
56 creatures vanquished.

Vanquished Creatures (others)
  274 foxfires
274 creatures vanquished.

Grand Total: 330 creatures vanquished

Notes
Turn   | Place    | Note
-------+----------+-------------------------------------------
     0 | D:1      | Pepete the Demonspawn Fire Elementalist began the quest for
                  | the Orb.
     0 | D:1      | Reached XP level 1. HP: 13/13 MP: 3/3
   978 | D:1      | Discovered your monstrous ancestry.
   978 | D:1      | Gained mutation: You have a small tail. [demonic ancestry]
   978 | D:1      | Reached XP level 2. HP: 10/19 MP: 0/5
  2182 | D:1      | Reached skill level 3 in Spellcasting
  2927 | D:1      | Gained mutation: You sometimes gain a little power by
                  | taking damage. [demonic ancestry]
  2927 | D:1      | Reached XP level 3. HP: 23/24 MP: 3/7
  3238 | D:2      | Found Saprov's One-of-a-Kind Rings.
  3955 | D:2      | Learned a level 2 spell: Scorch
  3975 | D:2      | Found a faded altar of an unknown god.
  4751 | D:3      | Reached skill level 4 in Spellcasting
  4897 | D:3      | Gained mutation: Spells you cast may paralyse adjacent
                  | enemies. [demonic ancestry]
  4897 | D:3      | Reached XP level 4. HP: 30/30 MP: 3/10
  5091 | D:3      | Noticed a centaur
  5099 | D:3      | Shot with an arrow by a centaur

Illustrated notes

Levels and vault maps discovered:
D:1:      mainiacjoe_arrival_reflecting_pool, layout_basic,
          hangedman_decor_growths, hangedman_glass_teeth
D:2:      layout_rooms, dilly_ecumenical_altar_fadedgnrine,
          chequers_mini_garden, nicolae_shop_unique_rings,
          minmay_splitting_lines, nicolae_underground_beach
D:3:      layout_rooms, st_stairs_13

Skill      XL: |  1  2  3 |
---------------+----------+-----
Spellcasting   | 3 4 |  4.6
Dodging        | |  1.7
Stealth        | |  1.7
Conjurations   | |  1.0
Fire Magic     | |  2.6

Action                     |  1- 3 |  4- 6 || total
---------------------------+-------+-------++-------
   Cast: Foxfire           |   157 |    12 ||   169
         Scorch            |     3 |     5 ||     8
 Armour: Robe              |     8 |     1 ||     9
  Dodge: Dodged            |    37 |     6 ||    43
